 Dungeon Crawl Stone Soup version 0.21.0-3-g78d12a8 (webtiles) character file.

80298 letownia2 the Brawler (level 15, 0/78 HPs)
             Began as a Vine Stalker Wizard on Jan 14, 2018.
             Was an Initiate of Gozag.
             Slain by a hornet (5 damage)
             ... on level 15 of the Dungeon.
             The game lasted 01:17:32 (22869 turns).

letownia2 the Brawler (Vine Stalker Wizard)        Turns: 22869, Time: 01:17:34

Health: 0/78       AC: 22    Str: 16    XL:     15   Next: 66%
Magic:  0/32       EV: 12    Int: 24    God:    Gozag
Gold:   2483       SH:  2    Dex: 13    Spells: 8/38 levels left

rFire    + . .     SeeInvis .     - Unarmed
rCold    + . .     Gourm    .   (no shield)
rNeg     . . .     Faith    .   V - +3 scale mail "Maokebib" {rF+ Int+2}
rPois    +         Spirit   +   s - +1 helmet
rElec    .         Reflect  +   U - +2 cloak
rCorr    .         Harm     .   q - +2 pair of gloves "Suocw" {Int+4 Stlth+}
MR       +....                  f - +0 pair of boots
Stlth    ++........             G - +2 amulet of reflection
HPRegen  1.03/turn              r - ring of poison resistance
MPRegen  0.23/turn              g - ring of protection from cold

@: gold aura, slowed, very slow
A: fangs 3, regeneration 2, magic shield, antimagic bite, no potion heal 3, rot
immunity
a: Potion Petition, Call Merchant, Bribe Branch, Renounce Religion


You were on level 15 of the Dungeon.
You worshipped Gozag.
Gozag was most pleased with you.
You were not hungry.

You visited 4 branches of the dungeon, and saw 24 of its levels.
You also visited: Labyrinth.

You collected 8044 gold pieces.
You spent 89 gold pieces at shops.
You paid 5472 gold pieces to Gozag.

Inventory:

Hand Weapons
 a - the +5 quarterstaff "Ahib" {crush, +Inv Int-3 Dex+9 Stlth+}
   (You took it off a crimson imp on level 7 of the Dungeon)

   It inflicts extra damage upon your enemies.
   It affects your intelligence (-3).
   It affects your dexterity (+9).
   It lets you turn invisible.
   It makes you more stealthy.
 c - a +0 blowgun
 F - the +3 dagger of Hinoblef {pierce, Int+7 Dex+2}
   (You found it on level 13 of the Dungeon)

   It inflicts extra damage upon your enemies.
   It affects your intelligence (+7).
   It affects your dexterity (+2).
Missiles
 x - a throwing net (quivered)
 J - 7 curare-tipped needles
Armour
 e - a +2 chain mail of cold resistance
 f - a +0 pair of boots (worn)
 q - the +2 pair of gloves "Suocw" (worn) {Int+4 Stlth+}
   (You found it on level 11 of the Dungeon)

   It affects your intelligence (+4).
   It makes you more stealthy.
 s - a +1 helmet (worn)
 E - the +0 pair of gloves of Kicioth {rC+}
   (You found it on level 1 of the Lair of Beasts)

   It protects you from cold.
 U - a +2 cloak (worn)
 V - the +3 scale mail "Maokebib" (worn) {rF+ Int+2}
   (You found it on level 10 of the Dungeon)

   It affects your intelligence (+2).
   It protects you from fire.
Magical Staves
 k - an uncursed staff of fire
Jewellery
 g - a ring of protection from cold (right hand)
 r - a ring of poison resistance (left hand)
 C - an uncursed ring of see invisible
 G - a +2 amulet of reflection (around neck)
 K - an uncursed amulet of rage
 S - an uncursed ring of ice
Wands
 h - a wand of paralysis (32)
 p - a wand of acid (4)
 t - a wand of flame (11)
 Q - a wand of iceblast (9)
 T - a wand of digging (33)
Scrolls
 b - a scroll of immolation
 i - 8 scrolls of identify
 l - 9 scrolls of teleportation
 m - 5 scrolls of blinking
 n - 17 scrolls of remove curse
 v - 7 scrolls of fog
 y - a scroll of magic mapping
 L - a scroll of enchant armour
 O - a scroll of enchant weapon
 R - a scroll of holy word
Potions
 j - 3 potions of curing
 o - 6 potions of agility
 u - 2 potions of brilliance
 w - 2 potions of cancellation
 z - 3 potions of mutation
 B - 4 potions of ambrosia
 H - 2 potions of lignification
 I - 3 potions of flight
 M - 2 potions of might
 N - a potion of haste
 P - a potion of resistance {unknown}
 Z - 3 potions of magic
Miscellaneous
 A - a phial of floods
 D - a sack of spiders
 X - 3 boxes of beasts
Comestibles
 d - 25 rations


   Skills:
 + Level 8.9 Fighting
 + Level 8.9 Armour
 - Level 5.1 Dodging
 - Level 2.4 Stealth
 - Level 17.0 Unarmed Combat
 - Level 12.4 Spellcasting
 - Level 4.0 Conjurations
 + Level 1.7 Hexes
 - Level 1.0 Summonings
 - Level 2.1 Translocations
 - Level 2.1 Fire Magic
 - Level 3.0 Air Magic
 - Level 2.0 Poison Magic
 - Level 3.0 Evocations


You had 8 spell levels left.
You knew the following spells:

 Your Spells              Type           Power        Failure   Level  Hunger
a - Magic Dart            Conj           ####         2%          1    None
b - Blink                 Tloc           N/A          8%          2    None
c - Conjure Flame         Conj/Fire      ####....     10%         3    None
d - Confusing Touch       Hex            ###...       6%          1    None
e - Mephitic Cloud        Conj/Pois/Air  ####....     10%         3    None
f - Call Imp              Summ           ###.....     12%         2    None
i - Silence               Hex/Air        ####......   77%         5    ###....
p - Poisonous Vapours     Pois/Air       ####..       6%          2    None
r - Deflect Missiles      Chrm/Air       ###.......   100%        6    #####..
s - Swiftness             Chrm/Air       ###.....     10%         2    None
x - Dazzling Spray        Conj/Hex       ####..       11%         3    None


Dungeon Overview and Level Annotations

Branches:
Dungeon (15/15)            Temple (1/1) D:4            Lair (6/6) D:9
  Swamp (0/4) Lair:3        Snake (0/4) Lair:3        Slime (0/5) Lair:5
    Orc (2/2) D:9             Elf (0/3) Orc:2        Vaults (0/5) D:13
 Depths (0/5) D:15

Altars:
Ashenzari
Cheibriados
Dithmenos
Elyvilon
Fedhas
Gozag
Hepliaklqana
Kikubaaqudgha
Makhleb
Nemelex Xobeh
Okawaru
Qazlal
Ru
Sif Muna
Trog
Uskayaw
Vehumet
Wu Jian
Xom
Yredelemnul
Zin
The Shining One
Beogh
Jiyva

Shops:
D:9 *   D:11 [}   Orc:1 !   Orc:2 [(=?   Lair:2 [*[[[

Annotations:
D:5 1 runed door
Lair:2 exclusion: 2 oklob plants


Innate Abilities, Weirdness & Mutations

You have razor-sharp teeth.
You heal very quickly.
When hurt, damage is shared between your health and your magic reserves.
Your bite disrupts and absorbs the magic of your enemies.
Potions cannot restore your health.
You are immune to rotting.


Message History

The hornet resists with some effort.
You feel yourself speed up.
The hornet stings you but does no damage.
The hornet stings you.
* * * LOW HITPOINT WARNING * * *
Evoke which item? (* to show all) (? for menu, Esc to quit)
Aiming: Paralyse
Press: ? - help, Shift-Dir - straight line, f/p - hornet
Aim: a hornet (chance to defeat MR: 46%)
The hornet resists with some effort.
The hornet stings you!
* * * LOW HITPOINT WARNING * * *
You feel yourself slow down.
The hornet stings you but does no damage.
Evoke which item? (* to show all) (? for menu, Esc to quit)
Aiming: Paralyse
Press: ? - help, Shift-Dir - straight line, f/p - hornet
Aim: a hornet (chance to defeat MR: 46%)
The hornet resists with some effort.
The hornet stings you!
You die...
Your body crumbles into a pile of gold.

.# #####.#
......# #...[.#
#.....# #.....#
#.....# #@y...#
#.....# $
.#####.....+
...........#
...........#
.......P.......
...............
...8............
..P.............


You could see a hornet.

Vanquished Creatures
  An orc warlord (Orc:2)
  An ettin (Orc:2)
  A fire dragon (Lair:6)
  The ghost of BonjourVileCrotch the Grappler, a journeyman TrMo of Cheibriados (D:11)
  A minotaur (Lab)
  Josephine (Lair:5)
  Harold (Lair:3)
  2 hydras
  4 centaur warriors
  5 two-headed ogres
  Urug (D:15)
  4 orc high priests (Orc:2)
  Sonja (D:12)
  2 lindwurms (Lair:6)
  5 orc knights
  3 ugly things
  8 orc sorcerers
  A wolf spider (Lair:6)
  Maurice (D:10)
  5 cyclopes
  14 elephants
  A guardian serpent (Lair:6)
  A centaur zombie (D:15)
  7 black mambas
  11 spiny frogs
  5 torpor snails (Lair:6)
  3 komodo dragons
  A rime drake (Lair:6)
  8 trolls
  A minotaur zombie (Lab)
  The ghost of Lovchig the Chopper, an amateur DDFi of Makhleb (D:7)
  3 tyrant leeches (Lair:6)
  A polar bear (Lair:2)
  2 meliai (D:15)
  Grinder (D:6)
  A deep troll zombie (D:15)
  11 hornets (Lair:6)
  24 blink frogs
  2 fire dragon zombies (D:15)
  3 slime creatures (D:12)
  6 hippogriffs
  2 redbacks (Lair:6)
  2 shadows (D:14)
  5 wraiths
  11 wyverns
  2 basilisks (Lair:2)
  4 hogs (D:8)
  34 yaks
  A human (D:8)
  3 vampire mosquitoes (D:14)
  3 hungry ghosts
  2 chaos spawn (D:14)
  A soldier ant (D:12)
  A naga (Lair:3)
  3 wargs
  3 acid dragons
  17 water moccasins
  12 porcupines
  37 orc warriors
  An eye of draining (D:14)
  2 ice beasts
  3 black bears
  2 hornet zombies
  6 sky beasts
  5 phantoms
  3 wolves (Lair:2)
  17 ogres
  15 centaurs
  9 crocodiles
  3 big kobolds
  2 wyvern zombies
  14 bullfrogs
  A water moccasin zombie (D:7)
  4 scorpions
  10 killer bees
  A howler monkey (D:10)
  5 wights (D:13)
  7 electric eels
  9 crimson imps
  2 bullfrog zombies
  28 orc priests
  A hound (D:10)
  31 orc wizards
  2 centaur skeletons
  3 jellies
  4 iguanas
  7 worker ants
  A worker ant zombie (D:8)
  8 adders
  A shadow imp (D:12)
  An adder skeleton (D:8)
  A worm (D:3)
  2 dart slugs
  2 leopard geckos
  98 orcs
  3 giant cockroaches
  13 goblins
  11 hobgoblins
  13 jackals
  5 quokkas
  6 bats
  8 frilled lizards
  A jackal zombie (D:5)
  22 kobolds
  A leopard gecko zombie (D:7)
  6 rats
  A fungus (Lair:6)
700 creatures vanquished.

Vanquished Creatures (others)
  2 dancing weapons
  An orc wizard (Orc:2)
  An orc (Orc:2)
  18 fungi
  27 plants (Lair:6)
49 creatures vanquished.

Grand Total: 749 creatures vanquished

Notes
Turn   | Place    | Note
-------+----------+-------------------------------------------
     0 | D:1      | letownia2 the Vine Stalker Wizard began the quest for the Orb.
     0 | D:1      | Reached XP level 1. HP: 9/9 MP: 5/5
   187 | D:1      | Reached XP level 2. HP: 13/13 MP: 4/7
   505 | D:3      | Reached XP level 3. HP: 16/16 MP: 2/8
   759 | D:3      | Noticed an ogre
   782 | D:3      | Killed an ogre
   782 | D:3      | Reached skill level 1 in Fighting
   782 | D:3      | Reached skill level 1 in Armour
   782 | D:3      | Gained mutation: Your natural rate of healing is unusually fast. [Vine Stalker growth]
   782 | D:3      | Reached XP level 4. HP: 22/22 MP: 7/10
   782 | D:3      | Reached XP level 5. HP: 25/25 MP: 7/11
   790 | D:3      | Learned a level 3 spell: Mephitic Cloud
   794 | D:3      | Learned a level 3 spell: Conjure Flame
   797 | D:3      | Learned a level 2 spell: Blink
  1161 | D:4      | Reached skill level 1 in Fire Magic
  1161 | D:4      | Reached skill level 1 in Air Magic
  1161 | D:4      | Reached skill level 1 in Poison Magic
  1161 | D:4      | Reached XP level 6. HP: 30/30 MP: 3/13
  1498 | D:4      | Found a staircase to the Ecumenical Temple.
  1507 | Temple   | Entered the Ecumenical Temple
  1632 | Temple   | Became a worshipper of Gozag Ym Sagoz the Greedy
  3535 | D:2      | Reached XP level 7. HP: 33/33 MP: 14/14
  3539 | D:2      | Found a stormy altar of Qazlal.
  3539 | D:2      | Found a radiant altar of Vehumet.
  3681 | D:5      | Entered Level 5 of the Dungeon
  3702 | D:5      | Found a white marble altar of Elyvilon.
  3703 | D:5      | Found a runed door.
  3703 | D:5      | Noticed an angel
  3864 | D:5      | Reached skill level 5 in Spellcasting
  4301 | D:6      | Gained mutation: You have razor-sharp teeth. [Vine Stalker growth]
  4301 | D:6      | Reached XP level 8. HP: 35/38 MP: 16/18
  4343 | D:6      | Noticed Grinder
  4347 | D:6      | Paralysed by Grinder for 3 turns
  4369 | D:6      | Killed Grinder
  4615 | D:6      | Reached skill level 1 in Evocations
  4832 | D:6      | Reached XP level 9. HP: 43/43 MP: 17/22
  4984 | D:6      | Learned a level 3 spell: Dazzling Spray
  4987 | D:6      | Learned a level 2 spell: Call Imp
  5061 | D:7      | Got a jewelled trident
  5062 | D:7      | Identified the cursed +0 trident of Opren {antimagic, +Inv MR+ Str-3} (You found it on level 7 of the Dungeon)
  5197 | D:7      | Noticed Lovchig's ghost (amateur DDFi)
  5231 | D:7      | Killed Lovchig's ghost
  5688 | D:7      | Got a bone quarterstaff {crush}
  5689 | D:7      | Identified the +5 quarterstaff "Ahib" {crush, +Inv Int-3 Dex+9 Stlth+} (You took it off a crimson imp on level 7 of the Dungeon)
  6631 | D:8      | Reached XP level 10. HP: 47/49 MP: 19/24
  6639 | D:8      | Reached skill level 10 in Spellcasting
  6664 | D:8      | Reached skill level 5 in Armour
  7123 | D:9      | Found a staircase to the Orcish Mines.
  7153 | D:9      | Found Picosuip's General Store.
  7210 | D:9      | Found a staircase to the Lair.
  7317 | D:9      | Found a basalt altar of Yredelemnul.
  7658 | Lair:1   | Entered Level 1 of the Lair of Beasts
  7742 | Lair:1   | Got a pair of steaming gloves
  7748 | Lair:1   | Identified the +0 pair of gloves of Kicioth {rC+} (You found it on level 1 of the Lair of Beasts)
  7759 | Lair:1   | Noticed a spiny frog
  7773 | Lair:1   | Killed a spiny frog
  8617 | Lair:2   | Noticed an oklob plant
  8619 | Lair:2   | Noticed an oklob plant
  8919 | Lair:2   | Reached XP level 11. HP: 45/53 MP: 24/27
  8970 | Lair:2   | Reached skill level 5 in Dodging
  9329 | Lair:2   | Bought a scroll of holy word for 75 gold pieces
  9538 | Lair:2   | Reached skill level 5 in Fighting
  9697 | Lair:3   | Noticed Harold
  9719 | Lair:3   | Found a staircase to the Snake Pit.
  9856 | Lair:3   | Killed Harold
  9964 | Lair:3   | Reached skill level 1 in Unarmed Combat
 10009 | Lair:3   | Reached skill level 2 in Unarmed Combat
 10158 | Lair:3   | Reached skill level 3 in Unarmed Combat
 10215 | Lair:3   | Found a staircase to the Swamp.
 10650 | Lair:4   | Reached skill level 4 in Unarmed Combat
 10743 | Lair:4   | Gained mutation: You heal very quickly. [Vine Stalker growth]
 10743 | Lair:4   | Reached XP level 12. HP: 54/63 MP: 28/28
 11169 | Lair:5   | Found a staircase to the Slime Pits.
 11174 | Lair:5   | Found a viscous altar of Jiyva.
 11247 | Lair:5   | Noticed Josephine
 11300 | Lair:4   | Reached skill level 5 in Unarmed Combat
 11531 | D:10     | Entered Level 10 of the Dungeon
 11813 | D:10     | Reached skill level 6 in Unarmed Combat
 11992 | D:10     | Noticed Maurice
 12019 | D:10     | Killed Maurice
 12201 | D:10     | Got a faintly humming scale mail
 12212 | D:10     | Identified the +3 scale mail "Maokebib" {rF+ Int+2} (You found it on level 10 of the Dungeon)
 12262 | D:11     | Got a pair of dazzling gloves
 12267 | D:11     | Found a labyrinth entrance.
 12283 | D:11     | Identified the +2 pair of gloves "Suocw" {Int+4 Stlth+} (You found it on level 11 of the Dungeon)
 12295 | Lab      | Entered a labyrinth
 12489 | Lab      | Noticed a minotaur
 12504 | Lab      | Killed a minotaur
 12513 | Lab      | Identified Hihusaju's Handbook of Noxious Creation
 12548 | Lab      | Learned a level 2 spell: Poisonous Vapours
 12554 | Lab      | Learned a level 5 spell: Silence
 12561 | Lab      | Learned a level 6 spell: Deflect Missiles
 12635 | D:11     | Noticed BonjourVileCrotch's ghost (journeyman TrMo)
 12656 | D:11     | Killed BonjourVileCrotch's ghost
 12839 | D:11     | Reached skill level 7 in Unarmed Combat
 12959 | D:11     | Found Nane's Gadget Emporium.
 13650 | D:12     | Noticed Sonja
 13665 | D:12     | Killed Sonja
 13871 | D:12     | Found a deep blue altar of Sif Muna.
 13888 | D:12     | Identified Sif Muna's Disquisition on Intoxication
 13930 | D:12     | Reached skill level 8 in Unarmed Combat
 13972 | D:12     | Reached XP level 13. HP: 59/68 MP: 23/30
 14543 | Lair:5   | Killed Josephine
 14543 | Lair:5   | Reached skill level 9 in Unarmed Combat
 15318 | Lair:6   | Entered Level 6 of the Lair of Beasts
 15395 | Lair:6   | Reached skill level 10 in Unarmed Combat
 15514 | Lair:6   | Reached skill level 11 in Unarmed Combat
 15662 | Lair:6   | Reached skill level 12 in Unarmed Combat
 15861 | Lair:6   | Reached XP level 14. HP: 73/73 MP: 31/31
 16039 | Lair:6   | Reached skill level 13 in Unarmed Combat
 16846 | Lair:6   | Found a runed door.
 16925 | Lair:6   | Paralysed by a hornet for 3 turns
 17466 | Orc:1    | Entered Level 1 of the Orcish Mines
 17633 | Orc:1    | Reached skill level 14 in Unarmed Combat
 17807 | Orc:1    | Found Asaykuan's Distillery.
 17813 | Orc:1    | Bought a potion of degeneration for 14 gold pieces
 18089 | Orc:2    | Entered Level 2 of the Orcish Mines
 19173 | Orc:2    | Found a staircase to the Elven Halls.
 19250 | Orc:2    | Reached skill level 15 in Unarmed Combat
 19391 | Orc:2    | Found a roughly hewn altar of Beogh.
 19456 | Orc:2    | Found Dituanamp's Antique Armour Emporium.
 19466 | Orc:2    | Found Isybb's Antique Weapon Shoppe.
 19878 | Orc:2    | Noticed an orc warlord
 19911 | Orc:2    | HP: 2/74 [orc warlord/bolt (17)]
 20022 | Orc:2    | Reached XP level 15. HP: 78/78 MP: 32/32
 20074 | Orc:2    | Killed an orc warlord
 20301 | Orc:2    | Found a roughly hewn altar of Beogh.
 20402 | Orc:2    | Found Viyh's Jewellery Shoppe.
 20462 | Orc:2    | Found Keytam's Magic Scroll Boutique.
 20469 | Orc:2    | Reached skill level 16 in Unarmed Combat
 21479 | D:13     | Got a blackened dagger
 21484 | D:13     | Identified the +3 dagger of Hinoblef {pierce, Int+7 Dex+2} (You found it on level 13 of the Dungeon)
 21678 | D:13     | Found a gate to the Vaults.
 22045 | D:13     | Reached skill level 17 in Unarmed Combat
 22138 | D:14     | Found the -3 mace of Variability {chaos}
 22139 | D:14     | Found a shimmering altar of Xom.
 22317 | D:14     | Learned a level 2 spell: Swiftness
 22319 | D:14     | Learned a level 1 spell: Confusing Touch
 22623 | D:15     | Entered Level 15 of the Dungeon
 22706 | D:15     | Reached skill level 1 in Hexes
 22750 | D:15     | Noticed Urug
 22774 | D:15     | Killed Urug
 22862 | D:15     | Found a staircase to the Depths.
 22868 | D:15     | HP: 3/78 [hornet (6)]
 22869 | D:15     | Slain by a hornet

Skill      XL: |  1  2  3  4  5  6  7  8  9 10 11 12 13 14 15 |
---------------+----------------------------------------------+-----
Conjurations   | 2 3 4 |  4.0
Fighting       | 1 2 3 4 7 8 |  8.9
Armour         | 1 4 5 6 7 8 |  8.9
Spellcasting   | 4 6 8 9 11 12 | 12.4
Fire Magic     | 1 2 |  2.1
Air Magic      | 1 2 3 |  3.0
Poison Magic   | 1 2 |  2.0
Translocations | 2 |  2.1
Evocations     | 3 |  3.0
Dodging        | 4 5 |  5.1
Unarmed Combat | 4 8 12 15 17 | 17.0
Hexes          | 1 |  1.7
Stealth        | |  2.4
Summonings     | |  1.0

Action                   |  1- 3 |  4- 6 |  7- 9 | 10-12 | 13-15 || total
-------------------------+-------+-------+-------+-------+-------++-------
Melee: Dagger            |    16 |   160 |   361 |    14 |       ||   551
       Bite              |     2 |    25 |    81 |   191 |   467 ||   766
       Quarterstaff      |       |       |       |   447 |   166 ||   613
       Unarmed           |       |       |       |       |  1364 ||  1364
       Punch             |       |       |       |       |    87 ||    87
Throw: Javelin           |       |       |     2 |     2 |       ||     4
       Throwing net      |       |       |       |       |     2 ||     2
 Cast: Magic Dart        |    50 |    95 |   105 |    55 |     5 ||   310
       Mephitic Cloud    |       |     2 |     8 |    37 |    34 ||    81
       Conjure Flame     |       |       |     8 |    48 |    56 ||   112
       Blink             |       |       |     4 |    18 |    12 ||    34
       Dazzling Spray    |       |       |       |     5 |       ||     5
Invok: Call Merchant     |       |       |       |     3 |     3 ||     6
 Abil: Evoke Berserk Rag |       |       |       |     2 |       ||     2
       Evoke Invisibilit |       |       |       |     1 |       ||     1
Evoke: Wand              |       |       |     1 |    28 |    19 ||    48
       Box of beasts     |       |       |       |       |     1 ||     1
  Use: Scroll            |       |       |     6 |    18 |    11 ||    35
       Potion            |       |       |       |     2 |       ||     2
 Stab: Sleeping          |       |     3 |     1 |     8 |     4 ||    16
       Confused          |       |       |     5 |    20 |    26 ||    51
       Paralysed         |       |       |     5 |       |     9 ||    14
       Distracted        |       |       |     1 |     2 |    11 ||    14
  Eat: Chunk             |       |     1 |       |       |       ||     1
       Ration            |       |     2 |     4 |     8 |     8 ||    22
Armor: Ring mail         |    10 |    16 |    61 |   105 |       ||   192
       Leather armour    |       |    32 |    87 |       |       ||   119
       Scale mail        |       |       |       |    62 |   590 ||   652
Dodge: Dodged            |    15 |    86 |   212 |   291 |   699 ||  1303
Block: Other             |       |       |     6 |    23 |    53 ||    82
       Reflection        |       |       |       |       |     5 ||     5
